 Dungeon Crawl Stone Soup version 0.29.1-2-gbd0b4ee654 (webtiles) character file.

Game seed: 3080778990244592636

621 Descartes the Chiller (level 7, 0/38 HPs)
             Began as a Deep Elf Wanderer on Oct 29, 2022.
             Slain by a gnoll sergeant
             ... wielding a +0 vorpal trident
              (3 damage)
             ... on level 5 of the Dungeon.
             The game lasted 00:21:31 (5318 turns).

Descartes the Chiller (Deep Elf Wanderer)           Turns: 5318, Time: 00:21:31

Health: 0/38       AC:  4    Str:  8    XL:     7   Next: 22%
Magic:  10/17      EV: 13    Int: 25    God:
Gold:   111        SH:  0    Dex: 15    Spells: 2/16 levels left

rFire   + . .      SeeInvis +   a - +2 quarterstaff
rCold   + . .      Faith    .   (shield currently unavailable)
rNeg    . . .      Spirit   .   c - +0 robe
rPois   .          Reflect  .   (no helmet)
rElec   .          Harm     .   m - scarf {rC+ rF+}
rCorr   .          Rampage  +   s - +1 pair of gloves of Context {Rampage Regen+ SInv}
Will    .....                   (no boots)
Stlth   ++........              (no amulet)
HPRegen 0.92/turn               x - +6 ring of intelligence
MPRegen 0.15/turn               (no ring)

@: freezing walls
A: no striking features
a: no special abilities


You were on level 5 of the Dungeon.
You visited 1 branch of the dungeon, and saw 5 of its levels.

You collected 111 gold pieces.

Inventory:

Hand Weapons
 a - a +2 quarterstaff (weapon)
 d - a +0 whip of venom
 q - a +3 sling
 v - a +4 dagger of venom
 y - a +4 spear of venom
Missiles
 j - 2 silver boomerangs
 u - 4 atropa-tipped darts
Armour
 c - a +0 robe (worn)
 m - a scarf of resistance (worn)
 o - a +0 ring mail
 s - the +1 pair of gloves of Context (worn) {Rampage Regen+ SInv}
   (You found it on level 4 of the Dungeon)

   SInv:      It lets you see invisible.
   Regen:     It increases your rate of health regeneration.
   Rampage:   It bestows one free step when moving towards enemies.
Magical Staves
 w - a staff of air
Jewellery
 x - a +6 ring of intelligence (left hand)
Scrolls
 b - 8 scrolls of teleportation
 g - 2 scrolls of noise
 i - a scroll of vulnerability
 k - a scroll of blinking
 l - a scroll of identify
 t - a scroll of fear
Potions
 e - a potion of magic {unknown}
 f - a potion of lignification {unknown}
 h - 9 potions of curing {unknown}
 n - 3 potions of flight {unknown}
 p - 3 potions of degeneration {unknown}
 r - a potion of heal wounds {unknown}
 A - a potion of berserk rage {unknown}


   Skills:
 - Level 1.5 Fighting
 - Level 1.0 Staves
 + Level 3.9 Dodging
 - Level 1.2 Stealth
 + Level 5.4 Spellcasting
 + Level 3.4 Conjurations
 + Level 3.5 Summonings
 + Level 5.9 Ice Magic


You had 2 spell levels left.
You knew the following spells:

 Your Spells              Type           Power      Damage    Failure   Level
a - Freeze                Ice            100%       1d11      1%          1
b - Summon Ice Beast      Ice/Summ       30%        N/A       12%         4
c - Ensorcelled Hibernat  Hex/Ice        42%        N/A       3%          2
d - Frozen Ramparts       Ice            72%        1d11      1%          3
e - Hailstorm             Conj/Ice       30%        3d8       12%         4

Your spell library contained the following spells:

 Spells                   Type           Power      Damage    Failure   Level
 Portal Projectile        Hex/Tloc       12%        N/A       24%         3
 Tukima's Dance           Hex            6%         N/A       24%         3
 Blade Hands              Tmut           3%         N/A       91%         5


Dungeon Overview and Level Annotations

Branches:
Dungeon (5/15)
 Temple: D:4-7

Altars:
Ashenzari
Makhleb
Ru
Yredelemnul

Shops:
D:4 *


Message History

Found a broken altar of Ashenzari.
There is an open door here.
You rampage towards the gnoll!
The gnoll shouts!
You hear a shout!
Casting: Freeze (safe; 1% risk of failure)
Confirm with . or Enter, or press ? or * to list all spells.
Okay, then.
The gnoll sergeant shouts!
The gnoll shouts!
The gnoll throws a stone.
The stone closely misses you.
There is an open door here.
The gnoll throws a stone.
The stone barely misses you.
The gnoll throws a stone.
The stone hits you.
There is a broken altar of Ashenzari here.
Casting: Freeze (safe; 1% risk of failure)
Confirm with . or Enter, or press ? or * to list all spells.
The spell is quite dangerous to miscast (12% risk of failure)!
Continue anyway?
A chill wind blows around you.
The gnoll sergeant hits you from afar with a +0 vorpal trident!
Casting: Summon Ice Beast (quite dangerous; 12% risk of failure)
Confirm with . or Enter, or press ? or * to list all spells.
Casting: Frozen Ramparts (safe; 1% risk of failure)
Press: ? - help, Dir - look around, f - activate A broken altar of Ashenzari.
The walls around you are covered in ice.
The wall freezes the gnoll sergeant.
The gnoll sergeant hits you from afar with a +0 vorpal trident.
The wall freezes the gnoll sergeant.
The gnoll sergeant hits you from afar with a +0 vorpal trident.
Your ice beast closely misses the gnoll sergeant.
The wall freezes the gnoll sergeant but does no damage.
The gnoll sergeant misses you.
The wall freezes the gnoll!
The gnoll sergeant blocks your ice beast's attack.
The wall freezes the gnoll sergeant.
The gnoll sergeant closely misses you.
The wall freezes the gnoll.
You kill the gnoll!
Your ice beast hits the gnoll sergeant but does no damage.
The wall freezes the gnoll sergeant!
The gnoll sergeant hits you from afar with a +0 vorpal trident!
* * * LOW HITPOINT WARNING * * *
You die...

...# #.....#######.....# ...#
#.................#
..########...##..........##
..##...###...##..........g#####
..'......#....................#
..#......#...###'###...g......#
..#......#...# #.# #....###...#
#.##.#####...###.###....###...#
#.##.##.####.'..@Yggg........g'.
.....#.......#######..........#g.
.....#.$.....# ### #.<........#..
.....#.......#######..........# .
#.##.##.##..................[.#
#.##'#####...##...##...###...
..#...............####'# ###
..'...............'. .#
..................#. ..# .......


You could see a gnoll sergeant (ally target), 2 gnolls and a friendly ice beast
(summoned).

Vanquished Creatures
  A gnoll sergeant (D:3)
  3 scorpions
  2 orc priests (D:3)
  Terence (D:2)
  2 iguanas
  An orc wizard (D:5)
  4 gnolls
  3 adders
  A white imp (D:5)
  An ufetubus (D:5)
  2 worms (D:2)
  6 dart slugs
  7 orcs
  6 ball pythons
  13 endoplasms
  6 giant cockroaches
  15 goblins
  5 hobgoblins
  11 kobolds
  2 quokkas
  10 bats
  3 frilled lizards
  5 rats
110 creatures vanquished.

Vanquished Creatures (collateral kills)
  A white imp (D:5)
  3 orcs (D:5)
  A hobgoblin (D:4)
5 creatures vanquished.

Vanquished Creatures (others)
  A plant (D:1)
  2 withered plants (D:4)
3 creatures vanquished.

Grand Total: 118 creatures vanquished

Notes
Turn   | Place    | Note
-------+----------+-------------------------------------------
     0 | D:1      | Descartes the Deep Elf Wanderer began the quest for the
                  | Orb.
     0 | D:1      | Descartes set off with the following items: a +1
                  | quarterstaff, a scroll of teleportation, a +0 robe; and the
                  | following spell memorised: Freeze; and the following spells
                  | available to memorise: Ensorcelled Hibernation, Summon Ice
                  | Beast.
     0 | D:1      | Reached XP level 1. HP: 12/12 MP: 6/6
   261 | D:1      | Reached XP level 2. HP: 16/16 MP: 5/8
   403 | D:1      | Reached skill level 1 in Dodging
   564 | D:1      | Reached skill level 1 in Conjurations
   564 | D:1      | Reached skill level 1 in Summonings
   670 | D:1      | Found a faded altar of an unknown god.
   804 | D:1      | Reached XP level 3. HP: 20/20 MP: 7/9
  1572 | D:2      | Noticed Terence
  1590 | D:2      | Killed Terence
  1591 | D:2      | Reached XP level 4. HP: 14/25 MP: 5/11
  2442 | D:2      | Learned a level 4 spell: Summon Ice Beast
  2445 | D:2      | Learned a level 2 spell: Ensorcelled Hibernation
  2449 | D:2      | Learned a level 3 spell: Frozen Ramparts
  2505 | D:2      | Reached skill level 5 in Ice Magic
  2722 | D:3      | Reached XP level 5. HP: 23/29 MP: 6/13
  3878 | D:4      | Identified the +1 pair of gloves of Context {Rampage Regen+
                  | SInv}
  3882 | D:4      | Reached XP level 6. HP: 34/34 MP: 11/14
  3914 | D:4      | Found a burning altar of Makhleb.
  4190 | D:4      | Learned a level 4 spell: Hailstorm
  4280 | D:4      | Reached skill level 5 in Spellcasting
  4467 | D:4      | Found a basalt altar of Yredelemnul.
  4711 | D:4      | Reached XP level 7. HP: 34/38 MP: 14/16
  4749 | D:4      | Found Texzaj's Assorted Antiques.
  4882 | D:5      | Entered Level 5 of the Dungeon
  5173 | D:5      | Found a sacrificial altar of Ru.
  5272 | D:5      | Found a broken altar of Ashenzari.
  5318 | D:5      | Slain by a gnoll sergeant

Illustrated notes

Levels and vault maps discovered:
D:1:      dpeg_arrival_morbid_curiosity, layout_loops_ring,
          hellmonk_ecumenical_altar_crossroads, serial_bayou_pond_c,
          minmay_heptomino_w4
D:2:      layout_rooms, uniq_terence
D:3:      layout_loops_ring, kennysheep_path_1
D:4:      layout_loops_ring, mainiacjoe_overflow_concentric_impassable,
          yredelemnul_altar_generic, serial_shops, nicolae_shop_hallway_plus,
          chequers_serial_rivers_room_a, minmay_misc_feat_alley,
          hangedman_abyss_or_decor_jellyfish_corner
D:5:      layout_gridville, lemuel_doored_altar,
          mainiacjoe_overflow_surrounded_room,
          gammafunk_temple_overflow_elements, enter_ossuary_4,
          grunt_ministairs_13

Skill      XL: |  1  2  3  4  5  6 |
---------------+-------------------+-----
Dodging        | 1 2 3 |  3.9
Conjurations   | 1 2 3 |  3.4
Summonings     | 1 2 3 |  3.5
Spellcasting   | 4 5 |  5.4
Ice Magic      | 5 |  5.9
Fighting       | |  1.5
Staves         | |  1.0
Stealth        | |  1.2

Action                   |  1- 3 |  4- 6 |  7- 9 || total
-------------------------+-------+-------+-------++-------
Melee: Quarterstaff      |     4 |    14 |    19 ||    37
 Cast: Freeze            |    59 |    95 |    15 ||   169
       Frozen Ramparts   |       |     3 |     1 ||     4
       Summon Ice Beast  |       |     2 |     5 ||     7
  Use: Scroll            |       |       |     7 ||     7
 Stab: Sleeping          |     1 |     2 |       ||     3
Armor: Robe              |    12 |    18 |     9 ||    39
Dodge: Dodged            |    38 |    48 |    37 ||   123
